 Dungeon Crawl Stone Soup version 0.28.0-45-g0d030f2227 (webtiles) character file.

Game seed: 4189068484483564504

287 pkoi the Ruffian (level 5, 0/41 HPs)
             Began as a Demigod Gladiator on Apr 4, 2022.
             Succumbed to a scorpion's poison
             ... on level 4 of the Dungeon.
             The game lasted 00:03:17 (3698 turns).

pkoi the Ruffian (Demigod Gladiator)                Turns: 3698, Time: 00:03:18

Health: 0/41       AC:  4    Str: 19    XL:     5   Next: 81%
Magic:  7/7        EV: 12    Int: 10    God:
Gold:   238        SH:  0    Dex: 15    Spells: 4/4 levels left

rFire   . . .      SeeInvis .   d - +2 short sword (venom)
rCold   . . .      Faith    .   (no shield)
rNeg    . . .      Spirit   .   a - +0 leather armour
rPois   .          Reflect  .   b - +0 helmet
rElec   .          Harm     .   (no cloak)
rCorr   .          Rampage  .   (no gloves)
Will    .....                   (no boots)
Stlth   +.........              (no amulet)
HPRegen 0.13/turn               (no ring)
MPRegen 0.10/turn               (no ring)

@: lethally poisoned (0 -> -9)
A: high MP 1, forlorn, divine attributes
a: no special abilities


You were on level 4 of the Dungeon.
You visited 1 branch of the dungeon, and saw 4 of its levels.

You collected 238 gold pieces.

Inventory:

Hand Weapons
 d - a +2 short sword of venom (weapon)
 e - a +0 short sword
 l - a +4 dagger
Missiles
 c - 3 throwing nets (quivered)
 g - 2 javelins
 j - 4 boomerangs
 m - 2 poisoned darts
Armour
 a - a +0 leather armour (worn)
 b - a +0 helmet (worn)
Jewellery
 f - a ring of ice
Wands
 n - a wand of mindburst (13)
Scrolls
 i - a scroll of fear
 o - 3 scrolls of identify
Potions
 h - a potion of attraction
 k - a potion of might
 p - a potion of haste


   Skills:
 - Level 1.7 Fighting
 - Level 1.7 Throwing
 - Level 2.6 Dodging
 + Level 6.3 Unarmed Combat


You had 4 spell levels left.
You didn't know any spells.
Your spell library was empty.

Dungeon Overview and Level Annotations

Branches:
Dungeon (4/15)
 Temple: D:4-7

Shops:
D:1 (


Innate Abilities, Weirdness & Mutations

You have an increased reservoir of magic. (+10% MP)
You shall have no god before yourself.
Your divine heritage dramatically boosts your attributes as you level up.


Message History

You hit the adder.
You kill the adder!
You hear the slow rusting of a very distant drain.
You feel very sick.
Your Unarmed Combat skill increases to level 6!
You feel sick.
Unknown command.
You feel sick.
You feel sick.
You feel sick.
You feel sick.
You feel sick.
You feel sick.
You are no longer poisoned.
Found 11 gold pieces.
A scorpion comes into view.
You hit the scorpion.
The scorpion is poisoned.
Your punch misses the scorpion.
The scorpion is lightly wounded.
The scorpion barely misses you. The scorpion stings you!
* * * LOW HITPOINT WARNING * * *
You are poisoned.
The scorpion poisons you!
You hit the scorpion.
The scorpion looks as sick as possible!
The scorpion is heavily wounded.
You feel very sick. The scorpion stings you.
* * * LOW HITPOINT WARNING * * *
You are lethally poisoned!
The scorpion poisons you!
* * * LOW HITPOINT WARNING * * *
You feel very sick.
You kill the scorpion!
* * * LOW HITPOINT WARNING * * *
You feel very sick.
* * * LOW HITPOINT WARNING * * *
You feel very sick.
* * * LOW HITPOINT WARNING * * *
You feel very sick.
Okay, then.
You die...

#..# #..#
#..# #..#
#..# #..#
#..####...
#.......#
#.@######
#.....#
#..##.#
#..# #
#..# #.†#
#..# #.#$
.. .


There were no monsters in sight!

Vanquished Creatures
  A scorpion (D:4)
  A hound (D:3)
  A centaur skeleton (D:4)
  7 gnolls
  5 adders
  A worm (D:2)
  2 dart slugs
  2 ball pythons
  5 bats
  2 endoplasms
  3 giant cockroaches (D:3)
  10 hobgoblins
  6 kobolds
  2 quokkas
  6 frilled lizards
  5 goblins
  4 rats (D:3)
63 creatures vanquished.

Notes
Turn   | Place    | Note
-------+----------+-------------------------------------------
     0 | D:1      | pkoi the Demigod Gladiator began the quest for the Orb.
     0 | D:1      | Reached XP level 1. HP: 17/17 MP: 3/3
   206 | D:1      | Reached skill level 3 in Unarmed Combat
   244 | D:1      | Found Xeipp's Antique Weapon Emporium.
   667 | D:1      | Reached XP level 2. HP: 23/24 MP: 4/4
  1082 | D:2      | Reached skill level 4 in Unarmed Combat
  1082 | D:2      | Reached XP level 3. HP: 29/29 MP: 5/5
  1725 | D:2      | Reached XP level 4. HP: 19/36 MP: 6/6
  2485 | D:3      | Reached skill level 5 in Unarmed Combat
  3371 | D:3      | Reached XP level 5. HP: 41/41 MP: 7/7
  3679 | D:4      | Reached skill level 6 in Unarmed Combat
  3697 | D:4      | HP: 1/41 [poisoned by a scorpion]
  3698 | D:4      | Succumbed to a scorpion's poison

Illustrated notes

Levels and vault maps discovered:
D:1:      minmay_arrival_nine_rooms, layout_loops_ring, serial_shops,
          shop_coins, hellmonk_ecumenical_altar_arch_garden
D:2:      layout_loops_corners, hangedman_glass_teeth, roderic_lattice_a
D:3:      layout_basic
D:4:      layout_loops_ring, kennysheep_slug_shrine, portal_sewer_entry_f,
          minmay_ruined_shrine, uniq_natasha

Skill      XL: |  1  2  3  4  5 |
---------------+----------------+-----
Unarmed Combat | 3 4 5 6 |  6.3
Fighting       | |  1.7
Throwing       | |  1.7
Dodging        | |  2.6

Action                   |  1- 3 |  4- 6 || total
-------------------------+-------+-------++-------
Melee: Short sword       |    87 |    95 ||   182
       Punch             |       |     4 ||     4
       Dagger            |       |    11 ||    11
  Use: Scroll            |     3 |     3 ||     6
 Stab: Sleeping          |       |     1 ||     1
Armor: Leather armour    |    23 |    27 ||    50
Dodge: Dodged            |    55 |    71 ||   126
